 Dungeon Crawl Stone Soup version 0.27-a0-1140-g099f9bb0e8 (webtiles) character file.

Game seed: 8761119823750304443

154 dickylongcocking the Magician (level 5, 0/36 HPs)
             Began as a Djinni Ice Elementalist on May 8, 2021.
             Slain by an orc
             ... wielding a +0 trident
              (5 damage)
             ... on level 4 of the Dungeon.
             The game lasted 00:02:57 (5145 turns).

dickylongcocking the Magician (DjIE)                Turns: 5145, Time: 00:02:58

Health: 0/36       AC:  3    Str:  7    XL:     5   Next: 35%
Gold:   146        EV: 12    Int: 18    God:
                   SH:  0    Dex: 13

rFire    + + .     SeeInvis .   s - +0 rapier
rCold    x . .     Faith    .   (no shield)
rNeg     . . .     Spirit   .   a - +0 robe
rPois    ∞         Reflect  .   r - +0 helmet
rElec    .         Harm     .   (no cloak)
rCorr    .         Rampage  .   (no gloves)
Will     .....                  (boots unavailable)
Stlth    ++........             (no amulet)
HPRegen  0.12/turn              (no ring)
MPRegen  0.00/turn              (no ring)

@: freezing walls, flying, hasted, very quick
A: sickness immunity, fire resistance 2, cold vulnerability 1, float, innate
caster, hp casting, extra vitality 1
a: no special abilities


You were on level 4 of the Dungeon.
You visited 1 branch of the dungeon, and saw 4 of its levels.

You collected 146 gold pieces.

Inventory:

Hand Weapons
 d - a +0 dagger
 s - a +0 rapier (weapon)
Armour
 a - a +0 robe (worn)
 r - a +0 helmet (worn)
Wands
 k - a wand of flame (18)
 q - a wand of polymorph (8)
Scrolls
 c - a scroll of blinking {unknown}
 g - a scroll of fog {unknown}
 i - a scroll of immolation {unknown}
 l - 2 scrolls of identify {unknown}
 m - a scroll of magic mapping {unknown}
 n - a scroll of amnesia {unknown}
 u - a scroll of fear {unknown}
Potions
 e - 2 potions of attraction {unknown}
 f - 2 potions of mutation {unknown}
 h - a potion of resistance {unknown}
 j - a potion of berserk rage {unknown}
 o - a potion of invisibility {unknown}
 p - a potion of heal wounds {unknown}
 t - a potion of degeneration {unknown}
 v - a potion of flight {unknown}


   Skills:
 + Level 0.9 Fighting
 + Level 0.3 Short Blades
 + Level 2.5 Dodging
 + Level 2.5 Stealth
 + Level 5.0 Spellcasting


You couldn't memorise any spells.
You knew the following spells:

 Your Spells              Type           Power      Damage    Failure   Level
a - Freeze                Ice            88%        1d10      1%          1
b - Frozen Ramparts       Ice            44%        1d6       4%          3
c - Ozocubu's Armour      Ice            22%        N/A       4%          3
d - Hailstorm             Conj/Ice       22%        3d7       17%         4
e - Metabolic Englaciati  Hex/Ice        11%        N/A       43%         5
f - Sandblast             Erth           44%        2d11      1%          1
g - Slow                  Hex            22%        N/A       2%          2
Your spell library was empty.

Dungeon Overview and Level Annotations

Branches:
Dungeon (4/15)
 Temple: D:4-7

Altars:
Dithmenos
Nemelex Xobeh
Uskayaw


Innate Abilities, Weirdness & Mutations

You are immune to sickness and miasma.
You are immune to poison.
Your flesh is very heat resistant. (rF++)
You are vulnerable to cold. (rC-)
You float through the air rather than walking.
You learn spells naturally, not from books.
Your magical power is your life essence.
You have superior vitality. (+4 HP)


Message History

Press: ? - help, Dir - look around, f - activate The walls around you are covered in ice.
The hound skeleton completely resists.
The wall freezes the hound skeleton but does no damage.
The wall freezes the goblin.
You kill the goblin!
The hound skeleton resists.
The wall freezes the hound skeleton.
The hound skeleton bites you.
Unknown command.
Unknown command.
You puncture the orc!
You kill the orc!
The hound skeleton completely resists.
The wall freezes the hound skeleton but does no damage.
The wall freezes the orc.
Unknown command.
Unknown command.
You hit the orc.
The orc is severely wounded.
The hound skeleton completely resists.
The wall freezes the hound skeleton but does no damage.
The wall freezes the orc.
The orc hits you from afar with a +0 trident.
* * * LOW HITPOINT WARNING * * *
The hound skeleton completely resists.
The wall freezes the hound skeleton but does no damage.
The hound skeleton bites you but does no damage.
The hound skeleton completely resists.
The wall freezes the hound skeleton but does no damage.
The wall freezes the orc.
You kill the orc!
Okay, then.
It was a potion of haste.
You feel yourself speed up.
The hound skeleton completely resists.
The wall freezes the hound skeleton but does no damage.
The hound skeleton bites you.
* * * LOW HITPOINT WARNING * * *
The wall freezes the orc.
The orc hits you from afar with a +0 trident.
You die...

##.#### ###<..#.##
##........#
#..........#
###.#....###
#..##....#####
###............#
##......<..####..#
#...##.@..## # .
#....oZ).##
.....#..Z###
....##...##
#.........##
...........#
...........#
...#.#.....#
.....#....##


You could see an orc and 2 hound skeletons.

Vanquished Creatures
  6 adders
  3 worms
  6 dart slugs
  2 orcs (D:4)
  7 bats
  5 endoplasms
  9 goblins
  7 hobgoblins
  7 jackals
  3 kobolds (D:3)
  4 quokkas
  7 ball pythons
  3 frilled lizards
  5 rats
74 creatures vanquished.

Notes
Turn   | Place    | Note
-------+----------+-------------------------------------------
     0 | D:1      | dickylongcocking the Djinni Ice Elementalist began the
                  | quest for the Orb.
     0 | D:1      | Reached XP level 1. HP: 15/15 MP: 0/0
   380 | D:1      | Reached XP level 2. HP: 13/22 MP: 0/0
   608 | D:1      | Reached skill level 4 in Spellcasting
   946 | D:1      | Reached XP level 3. HP: 6/26 MP: 0/0
   946 | D:1      | Learned a level 1 spell: Sandblast
  1846 | D:2      | Found a sparkling altar of Nemelex Xobeh.
  2175 | D:2      | Reached XP level 4. HP: 26/31 MP: 0/0
  2276 | D:2      | Found a faded altar of an unknown god.
  4369 | D:3      | Reached XP level 5. HP: 31/36 MP: 0/0
  4369 | D:3      | Learned a level 2 spell: Slow
  4579 | D:3      | Found a large runed translucent door.
  4586 | D:3      | Found a large runed translucent door.
  4698 | D:3      | Identified the Tome of Creative Black Secrets
  4885 | D:3      | Found a shadowy altar of Dithmenos.
  4893 | D:3      | Reached skill level 5 in Spellcasting
  5064 | D:3      | Found a hide-covered altar of Uskayaw.
  5145 | D:4      | Slain by an orc

Illustrated notes

Levels and vault maps discovered:
D:1:      lightli_arrival_farm, layout_loops_corners
D:2:      layout_loops_corners, basic_altar, hellmonk_ecumenical_altar_lost_god,
          minmay_misc_feat_doors
D:3:      layout_basic, jmf_multi_god_temple2, grunt_ministairs_14,
          corexii_leaking_fountain, minmay_randomly_rotated_circles
D:4:      layout_cave_pools, marbit_many_paths, serial_shops,
          nicolae_shop_behind_doors, minivault_14

Skill      XL: |  1  2  3  4  5 |
---------------+----------------+-----
Spellcasting   | 4 5 |  5.0
Stealth        | 2 |  2.5
Fighting       | |  0.9
Short Blades   | |  0.3
Dodging        | |  2.5

Action                   |  1- 3 |  4- 6 || total
-------------------------+-------+-------++-------
Melee: Unarmed           |     2 |       ||     2
       Dagger            |    15 |    53 ||    68
       Rapier            |       |    18 ||    18
 Cast: Freeze            |    37 |    21 ||    58
       Frozen Ramparts   |       |    14 ||    14
  Use: Potion            |       |     1 ||     1
 Stab: Sleeping          |     5 |     4 ||     9
Armor: Robe              |     3 |    19 ||    22
Dodge: Dodged            |    34 |    56 ||    90

Table legend: (Time is in decaauts)
 A = Elapsed time spent in this place.
 B = Non-inter-level travel time spent in this place.
 C = Inter-level travel time spent in this place.
 D = Time resting spent in this place.
 E = Time spent auto-exploring this place.
 F = Levels seen in this place.
 G = Mean time per level.
                   A        B        C        D        E       F      G
               +--------+--------+--------+--------+--------+-----+--------+
         Total |   5146 |   5013 |    133 |    440 |   4115 |   4 | 1286.5 |
       Dungeon |   5146 |   5013 |    133 |    440 |   4115 |   4 | 1286.5 |
               +--------+--------+--------+--------+--------+-----+--------+

Top non-repeatable levels by time:
     D:2: 2188 daAuts
     D:1: 1845 daAuts
     D:3: 1084 daAuts
     D:4: 28 daAuts
